[Event "Titled Tuesday Blitz January 03 Early 2023"]
[White "HSH1987"]
[Black "Indjic, Aleksandar"]
[BlackFideId "911925"]
[WhiteElo "2675"]
[BlackElo "2618"]
[Result "0-1"]
[Round "09"]
[TimeControl "180+2"]
[Date "2023.01.03"]
[WhiteClock "0:00:24"]
[BlackClock "0:00:55"]

1. Nf3 c5 2. g3 Nc6 3. Bg2 Nf6 4. O-O e5 5. c4 d5 6. cxd5 Nxd5 7. Nc3 Nc7 8. d3 Be7 9. Be3 Rb8 10. Rc1 O-O 11. a3 b6 12. Nd2 Nd4 13. f4 exf4 14. Bxf4 Bg5 15. e3 Bxf4 16. gxf4 Nf5 17. Qe2 Ba6 18. Be4 Nd6 19. Bf3 Ne6 20. Rcd1 Re8 21. Nd5 Nd4 22. Qg2 Nxf3+ 23. Nxf3 Bb7 24. e4 Bxd5 25. exd5 Nf5 26. Ne5 Ne3 27. Qf3 Nxd1 28. Nc6 Qd6 29. Nxb8 Nxb2 30. Nc6 c4 31. dxc4 Nxc4 32. Rc1 Nd2 33. Qf2 Ne4 34. Qf3 h6 35. Rd1 Qc5+ 36. Rd4 Nd6 37. Kg2 Qc2+ 38. Qf2 Re2 0-1


[Site "https://www.chess.com"]

[Event "Titled Tuesday Blitz January 03 Early 2023"]
[White "Mihajlov, Sebastian"]
[Black "Boros, Denes"]
[WhiteFideId "1512110"]
[BlackFideId "722340"]
[WhiteElo "2373"]
[BlackElo "2406"]
[Result "0-1"]
[Round "09"]
[TimeControl "180+2"]
[Date "2023.01.03"]
[WhiteClock "0:00:08"]
[BlackClock "0:00:24"]

1. e4 g6 2. d4 d5 3. Nc3 dxe4 4. Nxe4 Bg7 5. Nf3 Nh6 6. c3 O-O 7. Be2 b6 8. O-O Bb7 9. Ng3 Nd7 10. Bf4 Ng4 11. h3 Ngf6 12. Bc4 c5 13. Re1 cxd4 14. Nxd4 e5 15. Bxe5 Nxe5 16. Rxe5 Qc7 17. Qe2 Rae8 18. Rxe8 Rxe8 19. Qf1 h5 20. Bb5 Rd8 21. Rd1 h4 22. Nge2 Ne4 23. Nf3 Rxd1 24. Qxd1 Qc5 25. Qd8+ Bf8 26. Nfd4 Nd6 27. Bd3 Qd5 28. Nf4 Qe5 29. Qxh4 Ne4 30. Bxe4 Qxe4 31. Qg4 Bd6 32. Nde2 Ba6 33. Qf3 Qb1+ 34. Kh2 Bxe2 35. Qxe2 Bxf4+ 36. g3 Bh6 37. Qe8+ Bf8 0-1


[Site "https://www.chess.com"]

[Event "Titled Tuesday Blitz January 03 Early 2023"]
[White "Khoroshev, Nikita"]
[Black "Deac, Bogdan-Daniel"]
[WhiteFideId "14200287"]
[BlackFideId "1226380"]
[WhiteElo "2336"]
[BlackElo "2700"]
[Result "0-1"]
[Round "09"]
[TimeControl "180+2"]
[Date "2023.01.03"]
[WhiteClock "0:00:44"]
[BlackClock "0:01:10"]

1. e4 c5 2. c3 d5 3. exd5 Qxd5 4. d4 Nc6 5. Nf3 Bf5 6. Na3 cxd4 7. Bc4 Qe4+ 8. Be3 e6 9. Nb5 dxe3 10. Nc7+ Ke7 11. Nxa8 exf2+ 12. Kxf2 Qxc4 13. Qb3 Qc5+ 14. Ke2 Na5 15. Qb4 Kd8 16. Rhd1+ Kc8 17. Qa4 Qc4+ 18. Qxc4+ Nxc4 19. b3 Nd6 20. c4 Nf6 21. Ne5 Nfe4 22. Kf1 f6 23. Nd3 Kb8 24. c5 Nf7 25. Nb6 axb6 26. cxb6 Bd6 27. h3 Rc8 28. Rac1 Ng3+ 29. Kf2 Bxd3 30. Rxc8+ Kxc8 31. Rxd3 Ne4+ 32. Kf3 f5 33. Rd1 Ne5+ 34. Ke3 Bc5+ 35. Kf4 Ng6+ 36. Kf3 Nh4+ 37. Ke2 Nc3+ 0-1


[Site "https://www.chess.com"]

[Event "Titled Tuesday Blitz January 03 Early 2023"]
[White "Csonka, Balazs"]
[Black "Jobava, Baadur"]
[WhiteFideId "742910"]
[BlackFideId "13601520"]
[WhiteElo "2496"]
[BlackElo "2578"]
[Result "1-0"]
[Round "09"]
[TimeControl "180+2"]
[Date "2023.01.03"]
[WhiteClock "0:00:07"]
[BlackClock "0:00:11"]

1. d4 d5 2. c4 dxc4 3. Nf3 Nf6 4. e3 Bg4 5. Bxc4 e6 6. h3 Bh5 7. O-O Bd6 8. Nbd2 Nbd7 9. Be2 O-O 10. Nc4 Qe7 11. b3 Ne4 12. Bb2 Rad8 13. Qc2 f5 14. a3 Ndf6 15. Nfe5 Bxe2 16. Qxe2 Nd5 17. Rac1 Qh4 18. Rfe1 b5 19. Nxd6 cxd6 20. Nf3 Qe7 21. Qxb5 g5 22. Qd3 g4 23. hxg4 fxg4 24. Qxe4 gxf3 25. gxf3 Rf6 26. Kf1 Qb7 27. b4 Rdf8 28. f4 Rh6 29. Qf3 a5 30. Bc3 Qb5+ 31. Qe2 Qe8 32. Qf3 Qb5+ 33. Qe2 Qc6 34. Qf3 Qc4+ 35. Qe2 Qb3 36. Qc2 Rh1+ 37. Ke2 Qc4+ 38. Kd2 Rh2 39. Re2 Rc8 40. bxa5 Nxc3 41. Qxc3 Qa2+ 42. Rc2 Rxc3 43. Rxa2 Rc6 44. Kd3 h5 45. Reb2 h4 46. Rb6 Rc7 47. a6 h3 48. Rb7 Rc6 49. a7 Ra6 50. Rb8+ Kg7 51. a8=Q Rxa8 52. Rxa8 Rh1 53. Rb2 h2 54. Rb7+ Kf6 55. Rf8+ Kg6 56. Rg8+ Kf6 57. Rh8 Rd1+ 58. Ke2 h1=Q 59. Rxh1 Rxh1 60. Rb6 d5 61. Ra6 Ra1 62. a4 Ra2+ 63. Kf3 Kf5 64. a5 Ra3 65. Ra8 Kf6 66. a6 Kg7 67. a7 Ra2 68. Kg2 Kh7 69. Kf1 Kg7 70. Ke1 Kh7 71. Kd1 Kg7 72. Kc1 Kh7 73. Kb1 Ra4 74. Kb2 Kg7 75. Kb3 Ra1 76. Kb4 Ra6 77. Kb5 Ra1 78. Kc6 Ra6+ 79. Kc7 Ra2 80. Kc8 Kf6 81. Kd7 Kg7 82. Kxe6 1-0


[Site "https://www.chess.com"]

[Event "Titled Tuesday Blitz January 03 Early 2023"]
[White "Averjanov, Alexey"]
[Black "Baskakov, Egor"]
[WhiteFideId "14109867"]
[BlackFideId "24197866"]
[WhiteElo "2399"]
[BlackElo "2215"]
[Result "1/2-1/2"]
[Round "09"]
[TimeControl "180+2"]
[Date "2023.01.03"]
[WhiteClock "0:02:40"]
[BlackClock "0:02:50"]

1. d4 Nf6 2. c4 e6 3. Nf3 d5 4. e3 Be7 5. Nbd2 Ne4 6. g3 O-O 7. Bg2 f5 8. O-O c6 9. b3 Bd7 10. Ne5 Be8 11. f3 Nxd2 12. Bxd2 Nd7 13. Nxd7 Qxd7 14. f4 g5 15. Qe1 g4 16. Bb4 h5 17. Bxe7 Qxe7 18. c5 Kg7 19. Kf2 h4 20. Rg1 Rh8 21. b4 Bd7 22. a4 a6 23. a5 hxg3+ 24. hxg3 Kf6 1/2-1/2


[Site "https://www.chess.com"]

[Event "Titled Tuesday Blitz January 03 Early 2023"]
[White "Gunina, Valentina"]
[Black "Volkov, Maksim"]
[WhiteFideId "4167570"]
[BlackFideId "54123070"]
[WhiteElo "2469"]
[BlackElo "2258"]
[Result "1-0"]
[Round "09"]
[TimeControl "180+2"]
[Date "2023.01.03"]
[WhiteClock "0:02:42"]
[BlackClock "0:00:54"]

1. d4 d5 2. c4 e6 3. Nf3 Nf6 4. Nc3 c6 5. e3 Nbd7 6. Be2 Bd6 7. O-O O-O 8. b3 b6 9. Bb2 Bb7 10. Bd3 Rc8 11. Re1 c5 12. cxd5 exd5 13. Rc1 a6 14. dxc5 bxc5 15. Ne2 Re8 16. Ng3 g6 17. Qc2 Qe7 18. Rcd1 Ne4 19. Qe2 h5 20. Bxa6 Bxa6 21. Qxa6 h4 22. Nxe4 dxe4 23. Qxd6 1-0


[Site "https://www.chess.com"]

[Event "Titled Tuesday Blitz January 03 Early 2023"]
[White "Suleymanli, Suleyman"]
[Black "Galchenko, Matvey"]
[WhiteFideId "13416375"]
[BlackFideId "24175480"]
[WhiteElo "2269"]
[BlackElo "2438"]
[Result "0-1"]
[Round "09"]
[TimeControl "180+2"]
[Date "2023.01.03"]
[WhiteClock "0:00:12"]
[BlackClock "0:00:11"]

1. Nf3 c5 2. g3 g6 3. Bg2 Bg7 4. d4 cxd4 5. Nxd4 Nc6 6. Nxc6 bxc6 7. c4 Rb8 8. Nd2 Nf6 9. O-O O-O 10. Nb3 a5 11. Bf4 Ra8 12. Qc2 a4 13. Nc5 Qb6 14. Be3 Qc7 15. Bd4 a3 16. b3 d6 17. Ne4 Bf5 18. Bxf6 exf6 19. Rad1 Rfe8 20. Qd3 Rad8 21. h3 d5 22. cxd5 cxd5 23. Qc3 Qe7 24. Nc5 Qxe2 25. g4 Bc8 26. Bxd5 f5 27. Qc4 Qxc4 28. Bxc4 fxg4 29. hxg4 Bxg4 30. Rxd8 Rxd8 31. b4 Rd4 32. Rc1 Bh6 33. Rc3 Bd2 34. Rd3 Rxc4 35. Rxd2 Rxb4 36. Rd3 Rb5 37. Ne4 Bf5 38. Nf6+ Kg7 39. Ne8+ Kf8 40. Rd8 Ke7 41. Ra8 Be4 42. Nc7 Rb1+ 43. Kh2 Bxa8 44. Nxa8 Rb2 45. Nc7 Rxa2 46. Nd5+ Kd6 47. Nc3 Rxf2+ 48. Kg3 Rc2 49. Nb5+ Ke5 50. Nxa3 Rc3+ 51. Kg4 Rxa3 52. Kg5 f5 53. Kh6 Kf6 54. Kxh7 Rh3+ 55. Kg8 Rh4 56. Kf8 Rh8# 0-1


[Site "https://www.chess.com"]

[Event "Titled Tuesday Blitz January 03 Early 2023"]
[White "Nigmatov, Ortik"]
[Black "Khumalo, Keith"]
[WhiteFideId "14202131"]
[BlackFideId "14319470"]
[WhiteElo "2438"]
[BlackElo "2099"]
[Result "1/2-1/2"]
[Round "09"]
[TimeControl "180+2"]
[Date "2023.01.03"]
[WhiteClock "0:00:01"]
[BlackClock "0:00:20"]

1. c4 e6 2. d4 d5 3. cxd5 exd5 4. Nc3 Nf6 5. Qc2 c6 6. Bg5 Be7 7. e3 O-O 8. Bd3 Nbd7 9. Nge2 Re8 10. O-O Nf8 11. f3 g6 12. Rae1 Ne6 13. Bh4 Ng7 14. e4 dxe4 15. fxe4 Ng4 16. Bxe7 Rxe7 17. Rf3 Ne6 18. d5 Qb6+ 19. Kh1 Ng5 20. Na4 Nf2+ 21. Rxf2 Qxf2 22. Qb1 Bh3 23. Rg1 Nf3 24. Qf1 Qxf1 25. Rxf1 Nd2 26. Rd1 Nxe4 27. Bxe4 Rxe4 28. Nec3 Rxa4 29. Nxa4 Bg4 30. Rd4 Bf5 31. dxc6 bxc6 32. Nc5 Re8 33. h3 Re2 34. Rb4 Rc2 35. Rb8+ Kg7 36. b4 Rxa2 37. Rb7 Rb2 38. Rxa7 Rxb4 39. Ra6 Rb1+ 40. Kh2 Rc1 41. Rxc6 Be4 42. Rc7 Bd5 43. Ne6+ Bxe6 44. Rxc1 h5 45. Kg3 g5 46. Kf2 h4 47. Rc2 Kf6 48. Ke3 Ke5 49. Rc5+ Bd5 50. Ra5 f5 51. Kd3 g4 52. Rb5 gxh3 53. gxh3 Ke6 54. Rb2 Ke5 55. Re2+ Kf4 56. Kd4 Bf3 57. Re8 Kg3 58. Rg8+ Kxh3 59. Ke3 Bg4 60. Kf2 Kh2 61. Rh8 h3 62. Rh4 Kh1 63. Kg3 Kg1 64. Rh8 Kf1 65. Re8 h2 66. Kxh2 Kf2 67. Ra8 f4 68. Ra2+ Be2 69. Kh3 f3 70. Kg4 Kg2 71. Rb2 f2+ 72. Rxe2 Kg1 73. Rxf2 Kxf2 1/2-1/2


[Site "https://www.chess.com"]

[Event "Titled Tuesday Blitz January 03 Early 2023"]
[White "Kilic, Eray"]
[Black "Aloma Vidal, Robert"]
[WhiteFideId "44517173"]
[BlackFideId "2260409"]
[WhiteElo "2414"]
[BlackElo "2442"]
[Result "1-0"]
[Round "09"]
[TimeControl "180+2"]
[Date "2023.01.03"]
[WhiteClock "0:01:09"]
[BlackClock "0:00:02"]

1. e4 e5 2. Nf3 Nf6 3. Nxe5 d6 4. Nf3 Nxe4 5. c4 Nc6 6. Nc3 Nxc3 7. dxc3 Bf5 8. Be2 Be7 9. O-O O-O 10. Re1 Bf6 11. Be3 Re8 12. Qb3 Qd7 13. Rad1 b6 14. Qa4 Ne5 15. Qxd7 Nxd7 16. Nd4 Be4 17. Nb5 Rec8 18. Bg4 Bc6 19. Bd4 a6 20. a4 axb5 21. axb5 Bxb5 22. Bxf6 Bc6 23. Bd4 Re8 24. b4 Ne5 25. Be2 f6 26. f4 Ng6 27. g3 Ra2 28. Bf1 Rxe1 29. Rxe1 Kf8 30. c5 bxc5 31. bxc5 Ne7 32. cxd6 cxd6 33. Re6 Nf5 34. Bf2 Bd5 35. Re1 h5 36. h3 h4 37. g4 Ng3 38. Bb5 g5 39. fxg5 fxg5 40. c4 Bf3 41. c5 dxc5 42. Bxc5+ Kg7 43. Bd4+ Kg6 44. Bd3+ 1-0


[Site "https://www.chess.com"]

[Event "Titled Tuesday Blitz January 03 Early 2023"]
[White "Rustemov, Alexander"]
[Black "Papp, Levente"]
[WhiteFideId "4119002"]
[BlackFideId "751243"]
[WhiteElo "2525"]
[BlackElo "2353"]
[Result "1/2-1/2"]
[Round "09"]
[TimeControl "180+2"]
[Date "2023.01.03"]
[WhiteClock "0:00:18"]
[BlackClock "0:00:07"]

1. d4 Nf6 2. c4 e6 3. Nf3 Be7 4. Nc3 d5 5. Bg5 h6 6. Bxf6 Bxf6 7. e3 O-O 8. Rc1 c6 9. Bd3 Nd7 10. O-O dxc4 11. Bxc4 e5 12. h3 Qe7 13. d5 Nb6 14. Qb3 Bf5 15. Rfd1 Nxc4 16. Qxc4 Rac8 17. e4 Bg6 18. dxc6 Rxc6 19. Nd5 Qe6 20. Qe2 Rfc8 21. Rxc6 Rxc6 22. b3 Kh7 23. Nxf6+ Qxf6 24. Ne1 Qe7 25. f3 Qc5+ 26. Qf2 Qa3 27. g4 Rc7 28. Kg2 f6 29. Qd2 Qc5 30. Nd3 Qd4 31. Nf2 Qc5 32. Qe2 Bf7 33. Rd2 Qc3 34. Qd3 Qc5 35. Qd6 Qc3 36. Rd3 Qc2 37. Rd2 Qc3 38. Qd3 Qc5 39. Nh1 a5 40. Ng3 b5 41. Nf5 a4 42. bxa4 bxa4 43. h4 a3 44. h5 Qc3 45. Qxc3 Rxc3 46. Rd7 Kg8 47. Rd8+ Kh7 48. Rd7 Kg8 49. Kg3 Rc2 50. Rd8+ Kh7 51. Rd7 Kg8 52. Rd8+ Kh7 53. Rd7 Kg8 1/2-1/2


[Site "https://www.chess.com"]

[Event "Titled Tuesday Blitz January 03 Early 2023"]
[White "Santos Ruiz, Miguel"]
[Black "Aldokhin, Ivan"]
[WhiteFideId "22291482"]
[BlackFideId "24115720"]
[WhiteElo "2590"]
[BlackElo "2413"]
[Result "1-0"]
[Round "09"]
[TimeControl "180+2"]
[Date "2023.01.03"]
[WhiteClock "0:00:07"]
[BlackClock "0:00:03"]

1. b3 d5 2. Bb2 Bg4 3. f3 Bd7 4. e4 e6 5. Nc3 Nf6 6. e5 Nh5 7. Nce2 c5 8. f4 Nc6 9. Nf3 Be7 10. g3 f5 11. Bg2 h6 12. d4 g5 13. dxc5 gxf4 14. Nxf4 Nxf4 15. gxf4 Bxc5 16. Qe2 a5 17. O-O-O a4 18. Nd4 axb3 19. Qh5+ Kf8 20. Nxb3 Qb6 21. Nxc5 Qxc5 22. a3 Rxa3 23. Bxa3 Qxa3+ 24. Kd2 Qb4+ 25. Ke3 Qc3+ 26. Kf2 Qxc2+ 27. Qe2 Qc5+ 28. Qe3 Qc2+ 29. Rd2 Qa4 30. Rb1 Bc8 31. Bf3 Rg8 32. Qc5+ Ke8 33. Bh5+ Kd8 34. Qb6+ Kd7 35. Qe3 Qa5 36. Rbd1 Qa4 37. Be2 Kc7 38. Bf3 Qa5 39. Rb2 Qa4 40. Rdb1 d4 41. Qd3 Qa7 42. Rb6 Qxb6 43. Rxb6 Kxb6 44. Bxc6 Kxc6 45. Qxd4 Bd7 46. Qd6+ Kb5 47. Qxd7+ Kc5 48. Qxe6 Rd8 49. Qe7+ Kc4 50. Qxd8 1-0


[Site "https://www.chess.com"]

[Event "Titled Tuesday Blitz January 03 Early 2023"]
[White "Ardelean, George-Catalin"]
[Black "Sharifov, Mekhriddin"]
[WhiteFideId "1207091"]
[BlackFideId "14701545"]
[WhiteElo "2470"]
[BlackElo "2209"]
[Result "1-0"]
[Round "09"]
[TimeControl "180+2"]
[Date "2023.01.03"]
[WhiteClock "0:00:20"]
[BlackClock "0:00:18"]

1. d4 Nf6 2. Bf4 g6 3. Nc3 d5 4. e3 c5 5. Nb5 Na6 6. c3 Bg7 7. h3 O-O 8. Nf3 Bf5 9. Be2 Qb6 10. a4 Rfe8 11. O-O h5 12. a5 Qd8 13. Ne5 Bd7 14. c4 cxd4 15. exd4 dxc4 16. Bxc4 e6 17. Nd6 Nb4 18. Ndxf7 Qe7 19. Ng5 Nfd5 20. Bd2 Qf6 21. Ne4 Qd8 22. Nxg6 Rc8 23. b3 Bc6 24. Qxh5 Nc2 25. Ne5 Nxa1 26. Qf7+ Kh8 27. Ng6+ Kh7 28. Ng5+ Qxg5 29. Bxg5 Nc2 30. Bd3 Ncb4 31. Bb1 Nc3 32. Ne7+ Kh8 33. Qh5+ 1-0


[Site "https://www.chess.com"]

[Event "Titled Tuesday Blitz January 03 Early 2023"]
[White "Christie, Joshua"]
[Black "Mekhitarian, Krikor Sevag"]
[WhiteFideId "7402074"]
[BlackFideId "2107660"]
[WhiteElo "2294"]
[BlackElo "2537"]
[Result "0-1"]
[Round "09"]
[TimeControl "180+2"]
[Date "2023.01.03"]
[WhiteClock "0:00:03"]
[BlackClock "0:00:13"]

1. Nf3 g6 2. g3 Bg7 3. Bg2 e5 4. d3 d5 5. O-O Ne7 6. e4 O-O 7. Nbd2 Nbc6 8. Re1 d4 9. a4 h6 10. Nc4 Be6 11. a5 Qd7 12. Bd2 b5 13. axb6 cxb6 14. Qc1 Kh7 15. h4 Rfc8 16. h5 b5 17. hxg6+ fxg6 18. Na5 Nxa5 19. Rxa5 a6 20. Ra1 Nc6 21. Qd1 Bg4 22. Qc1 Rf8 23. Nh2 Bh3 24. Rf1 b4 25. Qd1 Be6 26. f4 a5 27. f5 gxf5 28. Qh5 Ne7 29. exf5 Bxf5 30. Rxf5 Rxf5 31. Be4 Kg8 32. Bxf5 Qxf5 33. Qxf5 Nxf5 34. Bxb4 Ne3 35. Rxa5 Rb8 36. c3 Nc2 37. Ra4 Ne1 38. cxd4 Nxd3 39. Bc3 e4 40. d5 Nxb2 41. Bxb2 Rxb2 42. Rxe4 Rd2 0-1


[Site "https://www.chess.com"]

[Event "Titled Tuesday Blitz January 03 Early 2023"]
[White "Saravana, Krishnan P."]
[Black "Cardoso Cardoso, Jose Gabriel"]
[WhiteFideId "5018382"]
[BlackFideId "4430492"]
[WhiteElo "2284"]
[BlackElo "2492"]
[Result "0-1"]
[Round "09"]
[TimeControl "180+2"]
[Date "2023.01.03"]
[WhiteClock "0:00:09"]
[BlackClock "0:00:04"]

1. e4 c6 2. Nf3 d5 3. Nc3 Bg4 4. h3 Bxf3 5. gxf3 e6 6. d4 Nd7 7. Rg1 Ngf6 8. Be3 g6 9. Qd2 Qb6 10. O-O-O Qa5 11. Kb1 Bb4 12. e5 Ng8 13. h4 Ne7 14. Qd3 Bxc3 15. Qxc3 Qxc3 16. bxc3 b5 17. h5 Nf5 18. Rh1 Nb6 19. hxg6 fxg6 20. Bg5 h5 21. Kc1 Kf7 22. Bd3 a5 23. Kd2 Raf8 24. Rb1 a4 25. Rbg1 Nd7 26. Ke2 Ke8 27. Bc1 Rfg8 28. Ba3 Kf7 29. Rg5 h4 30. Bc1 h3 31. Bf4 Rh4 32. Rg4 Rh5 33. Bh2 Rgh8 34. Rhg1 R8h6 35. Bf4 Rh7 36. Bh2 Nf8 37. Rb1 Rh4 38. Bxb5 cxb5 39. Rxb5 Kg8 40. Ra5 Rc7 41. Kd2 Rxg4 42. fxg4 Nh4 43. Ke2 Rxc3 44. Rc5 Ra3 45. Rc8 Nf3 46. Bg3 h2 47. Bxh2 Nxh2 48. c4 dxc4 49. d5 exd5 50. e6 Rxa2+ 51. Ke3 Nxg4+ 52. Kf4 Rxf2+ 53. Kxg4 Re2 54. Kg5 Rxe6 55. Kh6 g5+ 56. Kh5 a3 57. Ra8 c3 58. Rxa3 Rc6 59. Ra1 c2 60. Rc1 d4 61. Rxc2 Rxc2 62. Kh6 Rc6+ 63. Kxg5 d3 64. Kf4 d2 65. Ke4 d1=Q 66. Ke3 Rc2 67. Kf4 Re2 68. Kg3 Qf1 69. Kh4 Rg2 0-1


[Site "https://www.chess.com"]

[Event "Titled Tuesday Blitz January 03 Early 2023"]
[White "Iskusnyh, Sergei"]
[Black "Starozhilov, Leonid"]
[WhiteFideId "4120027"]
[BlackFideId "14106752"]
[WhiteElo "2440"]
[BlackElo "2313"]
[Result "0-1"]
[Round "09"]
[TimeControl "180+2"]
[Date "2023.01.03"]
[WhiteClock "0:00:10"]
[BlackClock "0:00:37"]

1. e4 g6 2. d4 Bg7 3. Nf3 d6 4. Nc3 Nf6 5. h3 O-O 6. Be3 c5 7. dxc5 Qa5 8. Nd2 dxc5 9. e5 Nfd7 10. f4 Nc6 11. Nc4 Qc7 12. Be2 Rd8 13. Nd5 Qb8 14. Nd2 Ndxe5 15. Nxe7+ Nxe7 16. fxe5 Qxe5 17. Bf2 Nf5 18. O-O Ne3 19. Nf3 Nxd1 20. Nxe5 Nxf2 21. Nxf7 Kxf7 22. Bc4+ Kf6 23. Rxf2+ Kg5 24. Rf7 Bxb2 25. Rb1 Bd4+ 26. Kh1 h5 27. Rh7 Bf5 28. Rbxb7 Rab8 29. Rxa7 Rb1+ 30. Kh2 Be5+ 31. g3 Rd2+ 0-1


[Site "https://www.chess.com"]

[Event "Titled Tuesday Blitz January 03 Early 2023"]
[White "Goryachkina, Aleksandra"]
[Black "Koutlas, Nikolaos"]
[WhiteFideId "4147103"]
[BlackFideId "25827138"]
[WhiteElo "2571"]
[BlackElo "2341"]
[Result "1-0"]
[Round "09"]
[TimeControl "180+2"]
[Date "2023.01.03"]
[WhiteClock "0:00:06"]
[BlackClock "0:00:03"]

1. e4 c5 2. Nf3 d6 3. Bb5+ Nd7 4. O-O Nf6 5. Re1 a6 6. Bf1 g6 7. c3 Bg7 8. d4 cxd4 9. cxd4 e5 10. Nc3 O-O 11. h3 b5 12. a3 Bb7 13. Bg5 h6 14. Bh4 g5 15. Bg3 Nh5 16. Bh2 Nf4 17. Qd2 Ne6 18. dxe5 Nxe5 19. Nxe5 dxe5 20. Nd5 Nd4 21. Rad1 f5 22. Qb4 Rf7 23. a4 Bxd5 24. exd5 Qxd5 25. axb5 axb5 26. Bxb5 Qxb5 27. Rxd4 Rb8 28. Rd8+ Rf8 29. Rxf8+ Bxf8 30. Qxb5 Rxb5 31. Bxe5 Bg7 32. Bxg7 Kxg7 33. Re2 Kf6 34. f3 h5 35. Kf2 g4 36. hxg4 hxg4 37. fxg4 fxg4 38. Ke3 Kf5 39. Kd4 Kf4 40. Kc4 Rb8 41. b4 Rc8+ 42. Kd5 Rb8 43. Kc5 Rc8+ 44. Kd6 Rb8 45. Rb2 Ke3 46. b5 Rd8+ 47. Kc7 Rd1 48. b6 Rc1+ 49. Kd7 Rd1+ 50. Ke7 Rc1 51. b7 Rc7+ 52. Kf6 Rxb7 53. Rxb7 Kf2 54. Rb2+ 1-0


[Site "https://www.chess.com"]

[Event "Titled Tuesday Blitz January 03 Early 2023"]
[White "Bodnaruk, Anastasia"]
[Black "Vaibhav, Suri"]
[WhiteFideId "4181751"]
[BlackFideId "5045185"]
[WhiteElo "2350"]
[BlackElo "2595"]
[Result "1-0"]
[Round "09"]
[TimeControl "180+2"]
[Date "2023.01.03"]
[WhiteClock "0:00:33"]
[BlackClock "0:00:05"]

1. e4 c5 2. Nc3 Nc6 3. Bb5 Nd4 4. Bc4 e6 5. Nf3 Nf6 6. O-O a6 7. a4 d5 8. exd5 exd5 9. Ba2 Bg4 10. Qe1+ Be7 11. Nxd4 cxd4 12. Ne2 d3 13. cxd3 O-O 14. f3 Bf5 15. d4 Re8 16. Qf2 Qb6 17. Nc3 Bd3 18. Re1 Bd6 19. Re3 Qxd4 20. Rxe8+ Rxe8 21. Qxd4 Re1+ 22. Kf2 Rf1+ 23. Ke3 Bg6 24. Qb6 Be7 25. d4 h5 26. Ke2 Rg1 27. Nxd5 Nxd5 28. Bxd5 Bf6 29. b3 Rxg2+ 30. Kf1 Rxh2 31. Kg1 Re2 32. Bf4 h4 33. Rc1 h3 34. Be5 Rg2+ 35. Kh1 Bh4 36. Rg1 1-0


[Site "https://www.chess.com"]

[Event "Titled Tuesday Blitz January 03 Early 2023"]
[White "Aradhya, Garg"]
[Black "Hnydiuk, Aleksander"]
[WhiteFideId "25006746"]
[BlackFideId "1109057"]
[WhiteElo "2284"]
[BlackElo "2363"]
[Result "1-0"]
[Round "09"]
[TimeControl "180+2"]
[Date "2023.01.03"]
[WhiteClock "0:02:02"]
[BlackClock "0:00:22"]

1. d4 Nf6 2. c4 e6 3. Bf4 Bb4+ 4. Nd2 O-O 5. Nf3 b6 6. e3 Bb7 7. Bd3 d6 8. O-O Bxd2 9. Nxd2 e5 10. Bg3 Nc6 11. d5 Ne7 12. f4 Nd7 13. fxe5 Nxe5 14. Bxe5 dxe5 15. Qh5 f5 16. Bxf5 Rxf5 17. Rxf5 g6 18. Rg5 Nf5 19. Rf1 Nxe3 20. Rxg6+ hxg6 21. Qxg6+ Kh8 22. Rf7 1-0


[Site "https://www.chess.com"]

[Event "Titled Tuesday Blitz January 03 Early 2023"]
[White "Aghasiyev, Kamal"]
[Black "Ordekalog"]
[WhiteFideId "13402854"]
[WhiteElo "2441"]
[BlackElo "2701"]
[Result "1-0"]
[Round "09"]
[TimeControl "180+2"]
[Date "2023.01.03"]
[WhiteClock "0:00:21"]
[BlackClock "0:00:22"]

1. d4 d5 2. c4 e6 3. Nc3 c5 4. e3 Nf6 5. Nf3 Nc6 6. a3 a6 7. Be2 dxc4 8. Bxc4 b5 9. Ba2 Bb7 10. O-O Qc7 11. Qe2 Rd8 12. Rd1 cxd4 13. exd4 Ne7 14. Ne5 Ned5 15. Bg5 Be7 16. Rac1 Nxc3 17. Rxc3 Qb6 18. d5 O-O 19. Be3 Qd6 20. Bc5 Qxc5 21. Rxc5 Bxc5 22. dxe6 Ne4 23. exf7+ Kh8 24. Rxd8 Rxd8 25. Qh5 h6 26. f8=Q+ Bxf8 27. Nf7+ Kh7 28. Nxd8 1-0


[Site "https://www.chess.com"]

[Event "Titled Tuesday Blitz January 03 Early 2023"]
[White "Sielecki, Christof"]
[Black "Rozman, Levy"]
[WhiteFideId "4620437"]
[BlackFideId "2039877"]
[WhiteElo "2419"]
[BlackElo "2322"]
[Result "0-1"]
[Round "09"]
[TimeControl "180+2"]
[Date "2023.01.03"]
[WhiteClock "0:00:11"]
[BlackClock "0:00:06"]

1. e4 e6 2. d4 d5 3. Nd2 dxe4 4. Nxe4 Nf6 5. Nxf6+ gxf6 6. Be3 Nc6 7. Qd2 b6 8. O-O-O Bb7 9. Nf3 Rg8 10. Kb1 Qd5 11. c4 Qh5 12. Be2 Nb4 13. a3 Qf5+ 14. Ka1 Nc2+ 15. Ka2 Nxe3 16. fxe3 O-O-O 17. Rhf1 Bh6 18. Bd3 Qh5 19. Rde1 Bxf3 20. Rxf3 Rxd4 21. Qc2 Rd7 22. Rh3 Qa5 23. b4 Qe5 24. Rxh6 f5 25. Rh4 Rgd8 26. Rd4 Rxd4 27. exd4 Qxd4 28. Be2 Qf2 29. Rc1 Qf4 30. c5 Rd2 31. Ba6+ Kb8 32. cxb6 Rxc2+ 33. Rxc2 axb6 34. Bb5 Qe5 35. Bc6 b5 36. Bf3 Qd6 37. Kb2 e5 38. Rc6 Qd4+ 39. Kb3 e4 0-1


[Site "https://www.chess.com"]

[Event "Titled Tuesday Blitz January 03 Early 2023"]
[White "Matinian, Nikita"]
[Black "Al-Tarboush, Ward"]
[WhiteFideId "24129100"]
[BlackFideId "7601450"]
[WhiteElo "2407"]
[BlackElo "2256"]
[Result "1-0"]
[Round "09"]
[TimeControl "180+2"]
[Date "2023.01.03"]
[WhiteClock "0:00:34"]
[BlackClock "0:00:46"]

1. e4 c5 2. Nf3 Nc6 3. Bb5 e6 4. O-O Nge7 5. c3 a6 6. Ba4 b5 7. Bc2 Bb7 8. a4 c4 9. d4 cxd3 10. Qxd3 bxa4 11. Rxa4 Ng6 12. Re1 Bc5 13. e5 Qb6 14. Re2 O-O 15. Ng5 h6 16. Nxf7 Rxf7 17. Qxg6 Bxf2+ 18. Kh1 Be3 19. Re1 Bxc1 20. Rxc1 Qf2 21. h3 Nxe5 22. Qh7+ Kf8 23. Be4 Bxe4 24. Rxe4 Nd3 25. Qh8+ Ke7 26. Qxa8 Nxc1 27. Qxa6 Qf1+ 28. Qxf1 Rxf1+ 29. Kh2 Nd3 30. Nd2 Rd1 31. Nc4 d5 32. Ne3 Re1 33. Nxd5+ Kd6 34. Rxe1 Nxe1 35. Nb4 Ke5 36. Kg3 Ke4 37. Kf2 Nd3+ 38. Nxd3 Kxd3 39. Ke1 h5 40. b4 Kc4 41. Kd2 1-0


[Site "https://www.chess.com"]

[Event "Titled Tuesday Blitz January 03 Early 2023"]
[White "Orozbaev, Eldiar"]
[Black "Goncalves, Davi Sulzbacher"]
[WhiteFideId "13802240"]
[BlackFideId "2154510"]
[WhiteElo "2235"]
[BlackElo "2282"]
[Result "1-0"]
[Round "09"]
[TimeControl "180+2"]
[Date "2023.01.03"]
[WhiteClock "0:01:34"]
[BlackClock "0:00:58"]

1. e4 c5 2. c3 Nf6 3. e5 Nd5 4. d4 cxd4 5. cxd4 d6 6. Nf3 e6 7. Nc3 Be7 8. Bd3 O-O 9. h4 h6 10. Qe2 Nxc3 11. bxc3 d5 12. Rh3 f5 13. exf6 Bxf6 14. Rg3 Bxh4 15. Rg4 Bxf2+ 16. Qxf2 e5 17. Rxg7+ Kxg7 18. Qg3+ Kh8 19. Bxh6 Qf6 20. Bxf8 e4 21. O-O-O Bf5 22. Rh1+ Bh7 23. Ng5 Qxf8 24. Rxh7+ Kg8 25. Ne6+ 1-0


[Site "https://www.chess.com"]

[Event "Titled Tuesday Blitz January 03 Early 2023"]
[White "Skvortsov, Andrei"]
[Black "Valle Maytin, Luis Enrique"]
[WhiteFideId "24108600"]
[BlackFideId "3503666"]
[WhiteElo "2313"]
[BlackElo "2241"]
[Result "1-0"]
[Round "09"]
[TimeControl "180+2"]
[Date "2023.01.03"]
[WhiteClock "0:00:59"]
[BlackClock "0:00:28"]

1. d4 Nf6 2. Nf3 d5 3. c4 c6 4. Nc3 g6 5. cxd5 cxd5 6. Bg5 Bg7 7. Bxf6 exf6 8. Qb3 O-O 9. Qxd5 Qe7 10. e3 Nc6 11. Qc5 Qxc5 12. dxc5 f5 13. Rc1 Be6 14. Bb5 Rac8 15. O-O Bxc3 16. Rxc3 Bxa2 17. Ra1 Bd5 18. Bxc6 Rxc6 19. Nd4 Ra6 20. Rxa6 bxa6 21. f3 Rc8 22. b4 Kf8 23. Ra3 Bc4 24. Rc3 Bd5 25. Ra3 Bc4 26. h4 Ke7 27. Kf2 Rb8 28. Nc6+ 1-0


[Site "https://www.chess.com"]